 Dungeon Crawl Stone Soup version 0.30-a0-414-gcb316572d5 (webtiles) character file.

Game seed: 15915192259706813093

4 McMuffin the Insei (level 1, 0/15 HPs)
             Began as a Demonspawn Transmuter on Dec 8, 2022.
             Slain by an adder (1 damage)
             ... on level 2 of the Dungeon.
             The game lasted 00:02:09 (212 turns).

McMuffin the Insei (Demonspawn Transmuter)           Turns: 212, Time: 00:02:09

Health: 0/15       AC:  2    Str: 10    XL:     1   Next: 50%
Magic:  3/3        EV: 12    Int: 14    God:
Gold:   0          SH:  0    Dex: 13    Spells: 3/4 levels left

rFire   . . .      SeeInvis .      - Unarmed
rCold   . . .      Faith    .    (no shield)
rNeg    . . .      Spirit   .    a - +0 robe
rPois   .          Reflect  .    (no helmet)
rElec   .          Harm     .    (no cloak)
rCorr   .          Rampage  .    (no gloves)
Will    .....                    (no boots)
Stlth   +.........               (no amulet)
HPRegen 0.22/turn                (no ring)
MPRegen 0.08/turn                (no ring)

@: no status effects
A: no striking features
a: no special abilities


You were on level 2 of the Dungeon.
You visited 1 branch of the dungeon, and saw 2 of its levels.

Inventory:

Armour
 a - a +0 robe (worn)
Potions
 b - a potion of lignification


   Skills:
 + Level 1.0 Fighting
 + Level 1.7 Dodging
 + Level 2.9 Unarmed Combat
 + Level 2.1 Spellcasting
 + Level 1.7 Transmutations


You had 3 spell levels left.
You knew the following spells:

 Your Spells              Type           Power      Damage    Failure   Level
a - Beastly Appendage     Tmut           12%        N/A       12%         1

Your spell library contained the following spells:

 Spells                   Type           Power      Damage    Failure   Level
 Wereblood                Tmut           6%         N/A       17%         2
 Spider Form              Tmut/Pois      3%         N/A       45%         3
 Ice Form                 Ice/Tmut       3%         N/A       86%         4


Dungeon Overview and Level Annotations

Branches:
Dungeon (2/15)

Altars:
Okawaru


Message History

The endoplasm attacks as you move away!
The endoplasm hits you but does no damage.
Found 11 gold pieces and a bubbling blue potion.
Found an iron altar of Okawaru.
You barely miss the endoplasm.
The endoplasm is lightly wounded.
The endoplasm hits you.
* * * LOW HITPOINT WARNING * * *
A goblin opens the door.
Found a pink potion.
A frilled lizard comes into view.
As you read the scroll labelled LIHIPE ELEKO, it crumbles to dust.
It is a scroll of amnesia.
Really abort (and waste the scroll)? [Y]es or [N]o only, please.
Really abort (and waste the scroll)? [Y]es or [N]o only, please.
Really abort (and waste the scroll)?
Okay, then.
The frilled lizard hisses angrily.
A quokka comes into view.
The hobgoblin misses you.
The endoplasm hits you but does no damage.
A quokka comes into view.
Found a stone staircase leading down.
The hobgoblin barely misses you. The endoplasm barely misses you.
You see here a scroll labelled WEYHOQALYA.
The endoplasm attacks as you move away! The endoplasm hits you.
* * * LOW HITPOINT WARNING * * *
An adder comes into view.
The adder hisses angrily.
The hobgoblin closely misses you. The hobgoblin attacks as you move away!
The hobgoblin closely misses you. The endoplasm freezes you.
You are frozen.
* * * LOW HITPOINT WARNING * * *
The hobgoblin attacks as you move away!
The hobgoblin hits you but does no damage.
The adder bites you.
You die...

####..)....>..#
###.g.....##
#.##.....##
#rl'g#####..
##g##.....
###g....#.#
#+##.gJg..$....
#.....#........
....###@..r......
### #..S.........
...............
###..!_.........
..>............
##.............
########.....
.....


You could see an adder, an endoplasm, a quokka, 2 hobgoblins and 2 goblins.

Vanquished Creatures
  A giant cockroach (D:1)
  2 goblins (D:2)
  A rat (D:2)
4 creatures vanquished.

Vanquished Creatures (others)
  A demonic plant (D:1)
1 creature vanquished.

Grand Total: 5 creatures vanquished

Notes
Turn   | Place    | Note
-------+----------+-------------------------------------------
     0 | D:1      | McMuffin the Demonspawn Transmuter began the quest for the
                  | Orb.
     0 | D:1      | Reached XP level 1. HP: 15/15 MP: 3/3
   120 | D:1      | Found a faded altar of an unknown god.
   120 | D:1      | Noticed a rust devil
   204 | D:2      | Found an iron altar of Okawaru.
   212 | D:2      | Slain by an adder

Illustrated notes

Levels and vault maps discovered:
D:1:      dpeg_arrival_windows_large_door, layout_rooms,
          dreamdust_ecumenical_altar_sealed_demon, dk_noncrumbling_2,
          minmay_misc_feat_columns, grunt_decor_arrowhead
D:2:      layout_rooms, basic_altar, minmay_divided_ellipse, uniq_sigmund,
          uniq_robin, uniq_crazy_yiuf_cottage

Action                   || total
-------------------------++-------
Melee: Unarmed           ||    13
       Headbutt          ||     2
 Cast: Beastly Appendage ||     2
  Use: Scroll            ||     1
Armor: Robe              ||     7
Dodge: Dodged            ||    13

Table legend: (Time is in decaauts)
 A = Elapsed time spent in this place.
 B = Non-inter-level travel time spent in this place.
 C = Inter-level travel time spent in this place.
 D = Time resting spent in this place.
 E = Time spent auto-exploring this place.
 F = Levels seen in this place.
 G = Mean time per level.
                   A        B        C        D        E       F      G
               +--------+--------+--------+--------+--------+-----+--------+
         Total |    211 |    211 |      0 |      0 |      0 |   2 |  105.5 |
       Dungeon |    211 |    211 |      0 |      0 |      0 |   2 |  105.5 |
               +--------+--------+--------+--------+--------+-----+--------+

Top non-repeatable levels by time:
     D:1: 184 daAuts
     D:2: 26 daAuts
